 Dungeon Crawl Stone Soup version 0.29-a0-298-g3c90f9a769 (webtiles) character file.

Game seed: 8500978005409114445

329 Dabor the Stinger (level 6, -7/32 HPs)
             Began as a Deep Elf Venom Mage on Mar 23, 2022.
             Mangled by an ice beast (13 damage)
             ... on level 5 of the Dungeon.
             The game lasted 00:05:39 (5145 turns).

Dabor the Stinger (Deep Elf Venom Mage)             Turns: 5145, Time: 00:05:40

Health: -7/32      AC:  3    Str:  5    XL:     6   Next: 25%
Magic:  7/14       EV: 13    Int: 22    God:
Gold:   234        SH:  0    Dex: 15    Spells: 7/14 levels left

rFire   . . .      SeeInvis .   (no weapon)
rCold   . . .      Faith    .   (no shield)
rNeg    . . .      Spirit   .   a - +0 robe
rPois   .          Reflect  .   d - +0 helmet
rElec   .          Harm     .   (no cloak)
rCorr   .          Rampage  .   (no gloves)
Will    .....                   (no boots)
Stlth   +++.......              (no amulet)
HPRegen 0.10/turn               (no ring)
MPRegen 0.14/turn               (no ring)

@: no status effects
A: no striking features
a: no special abilities


You were on level 5 of the Dungeon.
You visited 1 branch of the dungeon, and saw 5 of its levels.

You collected 234 gold pieces.

Inventory:

Armour
 a - a +0 robe (worn)
 d - a +0 helmet (worn)
 o - an orb of energy
Scrolls
 e - 2 scrolls of fog {unknown}
 g - 4 scrolls of identify {unknown}
 i - 2 scrolls of noise {unknown}
 j - a scroll of fear {unknown}
 k - 2 scrolls of teleportation {unknown}
 l - a scroll of magic mapping {unknown}
 m - a scroll of immolation {unknown}
Potions
 b - a potion of magic
 c - 2 potions of brilliance {unknown}
 f - 3 potions of heal wounds {unknown}
 h - a potion of lignification {unknown}
 n - a potion of berserk rage {unknown}


   Skills:
 + Level 4.1 Dodging
 - Level 4.0 Stealth
 + Level 4.6 Spellcasting
 - Level 3.0 Transmutations
 * Level 5.0 Poison Magic
 + Level 0.0 Evocations


You had 7 spell levels left.
You knew the following spells:

 Your Spells              Type           Power      Damage    Failure   Level
a - Sting                 Tmut/Pois      88%        1d7       1%          1
b - Poisonous Vapours     Pois/Air       32%        N/A       5%          2
c - Olgreb's Toxic Radia  Pois           27%        N/A       13%         4

Your spell library contained the following spells:

 Spells                   Type           Power      Damage    Failure   Level
 Sublimation of Blood     Necr           5%         N/A       16%         2
 Mephitic Cloud           Conj/Pois/Air  12%        N/A       16%         3
 Call Canine Familiar     Summ           5%         N/A       32%         3
 Dazzling Flash           Conj/Hex       10%        N/A       32%         3
 Portal Projectile        Hex/Tloc       10%        N/A       32%         3
 Leda's Liquefaction      Hex/Erth       2%         N/A       71%         4
 Summon Lightning Spire   Summ/Air       5%         N/A       71%         4
 Agony                    Necr           5%         N/A       96%         5
 Excruciating Wounds      Necr           2%         N/A       96%         5
 Silence                  Hex/Air        2%         N/A       96%         5
 Storm Form               Tmut/Air       5%         N/A       100%        7
 Maxwell's Capacitive Co  Air            2%         ∞         100%        8
 Necromutation            Tmut/Necr      5%         N/A       100%        8


Dungeon Overview and Level Annotations

Branches:
Dungeon (5/15)
 Temple: D:4-7

Altars:
Cheibriados
Nemelex Xobeh
Sif Muna
Yredelemnul

Shops:
D:3 =

Annotations:
D:4 2 transporters, Gilette's ghost, amateur GnAE


Message History

g - 4 scrolls labelled JIROSU UXOCRUFF (gained 1)
Found an escape hatch in the floor.
There is an escape hatch in the floor here.
An ice beast is nearby!
You can't see any susceptible monsters within range! (Use Z to cast anyway.)
You can't see any susceptible monsters within range! (Use Z to cast anyway.)
The sting hits the ice beast.
The ice beast partially resists.
The ice beast is lightly wounded.
The sting hits the ice beast.
The ice beast partially resists.
The ice beast is moderately wounded.
The sting hits the ice beast.
The ice beast is poisoned.
The ice beast is moderately wounded.
The ice beast barely misses you.
The sting hits the ice beast.
The ice beast partially resists.
The ice beast looks even sicker.
The ice beast is heavily wounded.
The ice beast completely misses you.
The sting hits the ice beast.
The ice beast partially resists.
The ice beast looks even sicker.
The ice beast is severely wounded.
The ice beast hits you. The ice beast freezes you!
The sting hits the ice beast but does no damage.
The ice beast looks as sick as possible!
The ice beast is severely wounded.
The ice beast hits you. The ice beast freezes you!
* * * LOW HITPOINT WARNING * * *
You are too injured to fight recklessly!
You are too injured to fight recklessly!
Casting: Sting (safe; 1% risk of failure)
Confirm with . or Enter, or press ? or * to list all spells.
Aiming: Sting (safe; 1% risk of failure)
Press: ? - help, Shift-Dir - straight line, f/p - ice beast
Aim: an ice beast (severely wounded, extremely poisoned, 76% to hit)
The sting hits the ice beast.
The ice beast looks as sick as possible!
The ice beast is severely wounded.
The ice beast hits you.
* * * LOW HITPOINT WARNING * * *
The ice beast freezes you!
You die...

##.## #....##.<.## ##
##>##
##....###...###...##
##.####.....#
##.........#
##..#...##.. ##.........
#.....####.. #.........
##....# ....<......
##....## ............
#......####.......#####.
. ##..###...@Y......## #
#..## ###..####..## #..#
#### #..# #..# ####


You could see an ice beast (extremely poisoned).

Vanquished Creatures
  An ogre (D:4)
  An iguana (D:4)
  An orc wizard (D:3)
  Robin (D:2)
  11 adders
  A worm (D:3)
  A dart slug (D:1)
  6 orcs (D:3)
  2 endoplasms
  2 giant cockroaches (D:2)
  13 goblins
  7 hobgoblins
  4 jackals (D:2)
  7 kobolds
  2 quokkas
  4 ball pythons
  3 bats
  2 frilled lizards
  A rat (D:2)
70 creatures vanquished.

Notes
Turn   | Place    | Note
-------+----------+-------------------------------------------
     0 | D:1      | Dabor the Deep Elf Venom Mage began the quest for the Orb.
     0 | D:1      | Reached XP level 1. HP: 10/10 MP: 6/6
   531 | D:1      | Reached XP level 2. HP: 15/15 MP: 5/8
  1360 | D:2      | Noticed Robin
  1632 | D:2      | Reached XP level 3. HP: 19/19 MP: 4/9
  1788 | D:2      | Killed Robin
  1989 | D:2      | Got the Reference Book on Necromancy
  2064 | D:2      | Reached XP level 4. HP: 19/24 MP: 6/11
  2484 | D:2      | Found a faded altar of an unknown god.
  2594 | D:2      | Learned a level 2 spell: Poisonous Vapours
  2599 | D:2      | Learned a level 4 spell: Olgreb's Toxic Radiance
  2826 | D:3      | Reached skill level 4 in Poison Magic
  3012 | D:3      | Found Zubisoc's Jewellery Boutique.
  3022 | D:3      | Reached XP level 5. HP: 28/28 MP: 8/13
  3637 | D:3      | You fall into a shaft and drop 2 floors!
  3637 | D:5      | Entered Level 5 of the Dungeon
  3857 | D:4      | Found a shimmering blue altar of Sif Muna.
  4140 | D:4      | Found a transporter.
  4233 | D:4      | Found a basalt altar of Yredelemnul.
  4234 | D:4      | Noticed an ogre
  4242 | D:4      | Killed an ogre
  4243 | D:4      | Reached XP level 6. HP: 32/32 MP: 3/14
  4499 | D:4      | Found a snail-covered altar of Cheibriados.
  4604 | D:4      | Noticed Gilette's ghost (amateur GnAE)
  4655 | D:4      | Found a transporter.
  4718 | D:4      | Found a sparkling altar of Nemelex Xobeh.
  4753 | D:4      | Reached skill level 5 in Poison Magic
  5068 | D:5      | Noticed an ice beast
  5145 | D:5      | Mangled by an ice beast

Illustrated notes

Levels and vault maps discovered:
D:1:      shiori_arrival_elements, layout_basic, serial_park_tiny_2
D:2:      layout_rooms, ebering_ecumenical_altar_mist, uniq_robin
D:3:      layout_basic, serial_shops, shop
D:4:      layout_loops_ring, mainiacjoe_overflow_chevrons,
          mainiacjoe_overflow_small_starburst, old_standard_altar,
          lemuel_round_altar, gammafunk_ghost_stat_death, lightli_corner_chamber
D:5:      layout_layer_cave

Skill      XL: |  1  2  3  4  5  6 |
---------------+-------------------+-----
Stealth        | 3 4 |  4.0
Dodging        | 3 4 |  4.1
Transmutations | 2 3 |  3.0
Spellcasting   | 4 |  4.6
Poison Magic   | 4 5 |  5.0

Action                   |  1- 3 |  4- 6 || total
-------------------------+-------+-------++-------
Melee: Unarmed           |    20 |     6 ||    26
 Cast: Sting             |    68 |   130 ||   198
       Poisonous Vapours |       |     5 ||     5
Armor: Robe              |    13 |    12 ||    25
Dodge: Dodged            |    23 |    56 ||    79

Table legend: (Time is in decaauts)
 A = Elapsed time spent in this place.
 B = Non-inter-level travel time spent in this place.
 C = Inter-level travel time spent in this place.
 D = Time resting spent in this place.
 E = Time spent auto-exploring this place.
 F = Levels seen in this place.
 G = Mean time per level.
                   A        B        C        D        E       F      G
               +--------+--------+--------+--------+--------+-----+--------+
         Total |   5147 |   4906 |    241 |      0 |   4359 |   5 | 1029.4 |
       Dungeon |   5147 |   4906 |    241 |      0 |   4359 |   5 | 1029.4 |
               +--------+--------+--------+--------+--------+-----+--------+

Top non-repeatable levels by time:
     D:1: 1552 daAuts
     D:3: 1212 daAuts
     D:2: 1129 daAuts
     D:4: 1112 daAuts
     D:5: 141 daAuts
